Icehogs vs Punishers
Created - November 7, 2025 at 19:19
Goals
|
| Icehogs |
1 |
0 |
1 |
2 |
| Punishers |
0 |
3 |
2 |
5 |
|
Shots
|
| Icehogs |
6 |
17 |
11 |
34 |
| Punishers |
4 |
12 |
15 |
31 |
|
1st period
1. Icehogs , Connor Zary 1 (Declan Chisholm 1, Gabriel Fortier 1) at 10:49
Penalties :
Mitchell Chaffee (Roc) for Interference (Minor) at 0:54, JJ. Piccinich (Roc) for Tripping (Minor) at 7:56, Oskar Lindblom (Pro) for Roughing (Double Minor) at 11:11
2nd period
2. Punishers , Carson Meyer 1 (Joel Kiviranta 1, Daniel Audette 1) at 3:16
3. Punishers , Ben Meyers 1 (Nicolas Beaudin 1, Braden Tracey 1) at 14:07
4. Punishers , Oskar Lindblom 1 (Karson Kuhlman 1) at 15:28
Penalties :
No Penalty
3rd period
5. Punishers , Daniel Audette 1 (Carson Meyer 1) at 3:50
6. Icehogs , Sergey Tolchinsky 1 (Dillon Dube 4) at 10:35
7. Punishers , Warren Foegele 1 (Niko Mikkola 1, Jesse Ylonen 1) at 13:05
Penalties :
Nils Hoglander (Roc) for Tripping (Minor) at 0:35, Rasmus Sandin (Pro) for High sticking (Minor) at 6:27, Sergey Tolchinsky (Roc) for Tripping (Minor) at 10:53, Nikita Scherbak (Roc) for Hooking (Minor) at 13:59, Brock Faber (Pro) for Slashing (Minor) at 18:43
Goalie Stats
Mackenzie Blackwood (Roc), 26 saves from 31 shots - (0.839), L, 1-1-0, 60:00 minutes
Antoine Bibeau (Pro), 32 saves from 34 shots - (0.941), W, 1-0-0, 60:00 minutes
Players Stats for Icehogs
Player Name G A P +/- PIM S H SB GA TA FO MP PP MP PK MP
------------------------------------------------------------------------------------
0 0 0 0 0 0 0 0 0 0 0/0 0:00 0:00 0:00
0 0 0 0 0 0 0 0 0 0 0/0 0:00 0:00 0:00
0 0 0 0 0 0 0 0 0 0 0/0 0:00 0:00 0:00
0 0 0 0 0 0 0 0 0 0 0/0 0:00 0:00 0:00
0 0 0 0 0 0 0 0 0 0 0/0 0:00 0:00 0:00
Andrew Poturalski 0 0 0 -3 0 3 1 2 1 0 3/7 17:16 3:04 2:46
Calle Andersson 0 0 0 -1 0 1 1 3 0 0 0/0 19:16 2:42 3:19
Clark Bishop 0 0 0 0 0 2 0 0 0 1 0/0 6:20 0:00 0:00
Connor Zary 1 0 1 0 0 6 0 0 0 0 4/10 11:47 0:13 1:17
Declan Chisholm 0 1 1 0 0 0 0 1 0 0 0/0 12:04 0:29 0:12
Dillon Dube 0 1 1 1 0 3 1 2 1 0 19/33 23:31 3:22 5:38
Eamon Powell 0 0 0 0 0 0 1 0 0 0 0/0 11:22 0:00 0:00
Egor Afanasyev 0 0 0 0 0 0 0 0 0 0 0/0 0:00 0:00 0:00
Gabriel Fortier 0 1 1 0 0 3 0 0 0 2 0/0 11:38 0:46 0:31
Jaedon Descheneau 0 0 0 0 0 0 0 0 0 0 1/1 6:59 0:39 0:00
Jeremy Davies 0 0 0 -2 0 1 4 0 2 4 0/0 27:32 4:20 6:24
JJ. Piccinich 0 0 0 -3 2 0 3 0 0 0 0/1 13:42 3:02 0:00
Julius Honka 0 0 0 -2 0 4 0 1 0 0 0/0 29:01 4:15 6:36
Max Jones 0 0 0 -1 0 1 4 0 0 1 0/0 10:20 0:48 2:10
Mitchell Chaffee 0 0 0 0 2 0 1 0 0 0 0/0 10:20 0:00 0:00
Nikita Okhotyuk 0 0 0 0 0 0 0 0 0 0 0/0 1:29 0:00 0:00
Nikita Scherbak 0 0 0 1 2 4 0 1 1 0 1/1 17:52 3:22 0:00
Nils Hoglander 0 0 0 -4 2 0 2 0 0 0 0/0 17:47 3:04 3:05
Sergey Tolchinsky 1 0 1 0 2 5 2 2 0 0 0/2 22:28 3:22 4:23
Zach Whitecloud 0 0 0 -1 0 1 1 0 0 1 0/0 19:16 2:42 3:19
Players Stats for Punishers
Player Name G A P +/- PIM S H SB GA TA FO MP PP MP PK MP
------------------------------------------------------------------------------------
0 0 0 0 0 0 0 0 0 0 0/0 0:00 0:00 0:00
0 0 0 0 0 0 0 0 0 0 0/0 0:00 0:00 0:00
0 0 0 0 0 0 0 0 0 0 0/0 0:00 0:00 0:00
0 0 0 0 0 0 0 0 0 0 0/0 0:00 0:00 0:00
Adam Ruzicka 0 0 0 1 0 5 0 0 1 0 2/4 10:50 0:00 1:26
Ben Meyers 1 0 1 1 0 2 0 0 1 0 1/3 7:25 0:00 0:00
Braden Tracey 0 1 1 1 0 0 2 0 0 1 0/0 7:45 0:00 0:20
Brock Faber 0 0 0 -1 2 0 0 0 0 0 0/0 10:13 0:00 0:33
Carson Meyer 1 1 2 1 0 1 0 0 0 0 0/2 17:44 4:11 1:56
Daniel Audette 1 1 2 1 0 2 5 0 1 0 4/8 17:33 4:11 1:44
Jesse Ylonen 0 1 1 1 0 0 1 0 1 0 0/0 9:18 0:00 0:00
Joel Kiviranta 0 1 1 1 0 3 0 0 0 0 0/0 18:40 4:11 2:51
Karson Kuhlman 0 1 1 0 0 1 2 1 1 0 20/36 23:20 5:44 3:12
Kole Lind 0 0 0 0 0 0 0 0 0 0 0/0 0:00 0:00 0:00
Kurtis Gabriel 0 0 0 0 0 0 0 0 0 0 0/0 0:00 0:00 0:00
Nelson Nogier 0 0 0 1 0 1 2 0 0 2 0/0 27:36 4:59 3:48
Nicolas Beaudin 0 1 1 3 0 1 1 1 3 0 0/0 22:10 4:56 2:53
Niko Mikkola 0 1 1 1 0 3 1 0 0 1 0/0 27:36 4:59 3:48
Noah Juulsen 0 0 0 0 0 0 0 0 0 0 0/0 0:00 0:00 0:00
Oskar Lindblom 1 0 1 0 4 8 1 0 0 0 0/0 21:55 5:44 1:47
Rasmus Sandin 0 0 0 -1 2 1 1 2 0 0 0/0 10:19 0:00 0:33
Urho Vaakanainen 0 0 0 3 0 0 2 1 0 1 0/0 22:10 4:56 2:53
Vinni Lettieri 0 0 0 0 0 0 2 0 1 0 0/2 20:08 5:44 0:00
Walker Duehr 0 0 0 1 0 0 0 1 0 0 0/0 7:25 0:00 0:00
Warren Foegele 1 0 1 1 0 3 0 0 0 0 0/0 10:36 0:00 1:12
3 Stars
1 - Daniel Audette (Pro)
2 - Carson Meyer (Pro)
3 - Nicolas Beaudin (Pro)
Power Play
Icehogs - 0 on 4 Attempt(s) - 0.00%
Punishers - 0 on 5 Attempt(s) - 0.00%
Penalty Kill
Icehogs - 5 on 5 Attempt(s) - 100.00%
- Score 0 goal in Penalty Kill
Punishers - 4 on 4 Attempt(s) - 100.00%
- Score 0 goal in Penalty Kill
Team Stat
Icehogs - Hits : 21 - Faceoff Wins : 28 - Blocked Shots : 12 - Penalty Minutes : 10
Punishers - Hits : 20 - Faceoff Wins : 27 - Blocked Shots : 6 - Penalty Minutes : 8
Official
Referees : Garrett Rank and Mitch Dunning
Linesman : James Tobias and Derek Amell
Game Notes
No Game Note
Finance
Level 1 -- Attendance: 1840 (92.00%) -- Ticket Income $128,800
Level 2 -- Attendance: 890 (89.00%) -- Ticket Income $35,600
Total Attendance: 2730 (91.00%)
Total Ticket Income: $164,400
Other Income: $8,220
Total Income: $172,620
Icehogs
5 vs 5 Forward
Center Left Wing Right Wing Time % Phy DF OF
1 Dillon Dube Sergey Tolchinsky Nikita Scherbak 40 1 2 2
2 Andrew Poturalski Nils Hoglander JJ. Piccinich 30 1 2 2
3 Connor Zary Gabriel Fortier Mitchell Chaffee 20 1 2 2
4 Clark Bishop Max Jones Jaedon Descheneau 10 1 2 2
5 vs 5 Defense
Defense Defense Time % Phy DF OF
1 Julius Honka Jeremy Davies 40 1 2 2
2 Calle Andersson Zach Whitecloud 30 1 2 2
3 Declan Chisholm Eamon Powell 20 1 2 2
4 Nikita Okhotyuk Julius Honka 10 1 2 2
PowerPlay Forward
Center Left Wing Right Wing Time % Phy DF OF
1 Dillon Dube Sergey Tolchinsky Nikita Scherbak 60 1 2 2
2 Andrew Poturalski Nils Hoglander JJ. Piccinich 40 1 2 2
PowerPlay Defense
Defense Defense Time % Phy DF OF
1 Julius Honka Jeremy Davies 60 1 2 2
2 Calle Andersson Zach Whitecloud 40 1 2 2
Penalty Kill 4 Players Forward
Center Wing Time % Phy DF OF
1 Dillon Dube Sergey Tolchinsky 60 1 2 2
2 Andrew Poturalski Nils Hoglander 40 1 2 2
Penalty Kill 4 Players Defense
Defense Defense Time % Phy DF OF
1 Julius Honka Jeremy Davies 60 1 2 2
2 Calle Andersson Zach Whitecloud 40 1 2 2
Penalty Kill - 3 Players Forward
Forward Time % Phy DF OF
1 Dillon Dube 60 1 2 2
2 Andrew Poturalski 40 1 2 2
Penalty Kill - 3 Players Defense
Defense Defense Time % Phy DF OF
1 Julius Honka Jeremy Davies 60 1 2 2
2 Calle Andersson Zach Whitecloud 40 1 2 2
4 vs 4 Forward
Center Wing Time % Phy DF OF
1 Dillon Dube Sergey Tolchinsky 60 1 2 2
2 Andrew Poturalski Nils Hoglander 40 1 2 2
4 vs 4 Defense
Defense Defense Time % Phy DF OF
1 Julius Honka Jeremy Davies 60 1 2 2
2 Calle Andersson Zach Whitecloud 40 1 2 2
Last Minutes Offensive
Center Left Wing Right Wing Defense Defense
Dillon Dube Sergey Tolchinsky Nikita Scherbak Julius Honka Jeremy Davies
Last Minutes Defensive
Center Left Wing Right Wing Defense Defense
Dillon Dube Sergey Tolchinsky Nikita Scherbak Julius Honka Jeremy Davies
Goaltenders
Starting : Mackenzie Blackwood
Backup : Oscar Dansk
Extra Forwards
Normal : Nils Hoglander, Gabriel Fortier, JJ. Piccinich - PP : Nils Hoglander, Gabriel Fortier - PK : Nils Hoglander
Extra Defensemen
Normal : Declan Chisholm, Eamon Powell, Nikita Okhotyuk - PP : Declan Chisholm - PK : Declan Chisholm, Eamon Powell
Penalty Shots
Sergey Tolchinsky, Dillon Dube, Nikita Scherbak, Andrew Poturalski, Nils Hoglander
Custom OT Lines Forwards
Sergey Tolchinsky, Dillon Dube, Nikita Scherbak, Andrew Poturalski, Nils Hoglander, Gabriel Fortier, JJ. Piccinich, Max Jones, Connor Zary, Clark Bishop
Custom OT Lines Defensemen
Julius Honka, Jeremy Davies, Calle Andersson, Zach Whitecloud, Declan Chisholm
Scratches
Kristian Reichel (Healthy), Jackson Cates (Healthy), Antoine Morand (Healthy), Jesper Vikman (Healthy), Petr Kvaca (Healthy)
Punishers
5 vs 5 Forward
Center Left Wing Right Wing Time % Phy DF OF
1 Karson Kuhlman Oskar Lindblom Vinni Lettieri 40 1 2 2
2 Daniel Audette Joel Kiviranta Carson Meyer 30 1 2 2
3 Adam Ruzicka Warren Foegele Jesse Ylonen 20 1 2 2
4 Ben Meyers Braden Tracey Walker Duehr 10 1 2 2
5 vs 5 Defense
Defense Defense Time % Phy DF OF
1 Niko Mikkola Nelson Nogier 40 2 2 1
2 Nicolas Beaudin Urho Vaakanainen 30 2 2 1
3 Brock Faber Rasmus Sandin 20 1 2 2
4 Niko Mikkola Nelson Nogier 10 1 2 2
PowerPlay Forward
Center Left Wing Right Wing Time % Phy DF OF
1 Karson Kuhlman Oskar Lindblom Vinni Lettieri 60 1 2 2
2 Daniel Audette Joel Kiviranta Carson Meyer 40 1 2 2
PowerPlay Defense
Defense Defense Time % Phy DF OF
1 Niko Mikkola Nelson Nogier 60 1 2 2
2 Nicolas Beaudin Urho Vaakanainen 40 1 2 2
Penalty Kill 4 Players Forward
Center Wing Time % Phy DF OF
1 Karson Kuhlman Oskar Lindblom 60 1 2 2
2 Daniel Audette Joel Kiviranta 40 1 2 2
Penalty Kill 4 Players Defense
Defense Defense Time % Phy DF OF
1 Niko Mikkola Nelson Nogier 60 1 2 2
2 Nicolas Beaudin Urho Vaakanainen 40 1 2 2
Penalty Kill - 3 Players Forward
Forward Time % Phy DF OF
1 Karson Kuhlman 60 1 2 2
2 Daniel Audette 40 1 2 2
Penalty Kill - 3 Players Defense
Defense Defense Time % Phy DF OF
1 Niko Mikkola Nelson Nogier 60 1 2 2
2 Nicolas Beaudin Urho Vaakanainen 40 1 2 2
4 vs 4 Forward
Center Wing Time % Phy DF OF
1 Karson Kuhlman Oskar Lindblom 60 1 2 2
2 Daniel Audette Joel Kiviranta 40 1 2 2
4 vs 4 Defense
Defense Defense Time % Phy DF OF
1 Niko Mikkola Nelson Nogier 60 1 2 2
2 Nicolas Beaudin Urho Vaakanainen 40 1 2 2
Last Minutes Offensive
Center Left Wing Right Wing Defense Defense
Karson Kuhlman Oskar Lindblom Vinni Lettieri Niko Mikkola Nelson Nogier
Last Minutes Defensive
Center Left Wing Right Wing Defense Defense
Karson Kuhlman Oskar Lindblom Vinni Lettieri Niko Mikkola Nelson Nogier
Goaltenders
Starting : Antoine Bibeau
Backup : Jack LaFontaine
Extra Forwards
Normal : Carson Meyer, Jesse Ylonen, Adam Ruzicka - PP : Carson Meyer, Jesse Ylonen - PK : Carson Meyer
Extra Defensemen
Normal : Urho Vaakanainen, Brock Faber, Rasmus Sandin - PP : Urho Vaakanainen - PK : Urho Vaakanainen, Brock Faber
Penalty Shots
Oskar Lindblom, Karson Kuhlman, Daniel Audette, Vinni Lettieri, Carson Meyer
Custom OT Lines Forwards
Oskar Lindblom, Karson Kuhlman, Daniel Audette, Vinni Lettieri, Carson Meyer, Jesse Ylonen, Adam Ruzicka, Joel Kiviranta, Warren Foegele, Ben Meyers
Custom OT Lines Defensemen
Niko Mikkola, Nelson Nogier, Nicolas Beaudin, Urho Vaakanainen, Brock Faber
Scratches
Lukas Reichel (Healthy), Ryan Tverberg (Healthy), Connor McClennon (Healthy), Theodor Niederbach (Healthy), Jack Ahcan (Healthy)
Marcus Karlberg (Healthy), Ryan Suzuki (Healthy), Lassi Thomson (Healthy), Carter Gylander (Healthy)
% Time on Ice - Icehogs
Lines # - Real PCT - Wanted PCT - Time Play
Normal Forward
1 - 34% - 40% - 14:44
2 - 27% - 30% - 11:30
3 - 24% - 20% - 10:17
4 - 15% - 10% - 6:20
Normal Defense
1 - 39% - 40% - 16:48
2 - 31% - 30% - 13:15
3 - 26% - 20% - 11:19
4 - 3% - 10% - 1:29
PP Forward
1 - 56% - 60% - 4:01
2 - 44% - 40% - 3:13
PP Defense
1 - 63% - 60% - 4:32
2 - 37% - 40% - 2:42
PK Forward
1 - 72% - 60% - 7:09
2 - 28% - 40% - 2:46
PK Defense
1 - 67% - 60% - 6:36
2 - 33% - 40% - 3:19
PK3 Forward
1 - 0% - 60%
2 - 0% - 40%
PK3 Defense
1 - 0% - 60%
2 - 0% - 40%
44 Forward
1 - 0% - 60%
2 - 0% - 40%
44 Defense
1 - 0% - 60%
2 - 0% - 40%
Last Minute Offensive - 0:00
Last Minute Defensive - 0:00
Total
Forward - 60:00
Defense - 60:00
|
% Time on Ice - Punishers
Lines # - Real PCT - Wanted PCT - Time Play
Normal Forward
1 - 34% - 40% - 14:31
2 - 27% - 30% - 11:37
3 - 22% - 20% - 9:18
4 - 17% - 10% - 7:25
Normal Defense
1 - 41% - 40% - 17:29
2 - 33% - 30% - 14:21
3 - 23% - 20% - 9:41
4 - 3% - 10% - 1:20
PP Forward
1 - 58% - 60% - 5:44
2 - 42% - 40% - 4:11
PP Defense
1 - 50% - 60% - 4:59
2 - 50% - 40% - 4:56
PK Forward
1 - 83% - 60% - 6:02
2 - 17% - 40% - 1:12
PK Defense
1 - 60% - 60% - 4:21
2 - 40% - 40% - 2:53
PK3 Forward
1 - 0% - 60%
2 - 0% - 40%
PK3 Defense
1 - 0% - 60%
2 - 0% - 40%
44 Forward
1 - 0% - 60%
2 - 0% - 40%
44 Defense
1 - 0% - 60%
2 - 0% - 40%
Last Minute Offensive - 0:00
Last Minute Defensive - 0:00
Total
Forward - 60:00
Defense - 60:00
|
Play-by-Play
1st period
0:01 of 1st period - Dillon Dube wins face-off versus Vinni Lettieri in neutral zone.
0:26 of 1st period - JJ. Piccinich is hit by Daniel Audette and loses puck.
0:54 of 1st period - Minor Penalty to Mitchell Chaffee for Interference.
0:55 of 1st period - Karson Kuhlman wins face-off versus Dillon Dube in Icehogs zone.
1:06 of 1st period - Wrist shot by Oskar Lindblom.
1:06 of 1st period - Shot Misses the Net.
2:40 of 1st period - Joel Kiviranta is hit by Dillon Dube and loses puck.
2:54 of 1st period - Penalty to Mitchell Chaffee is over, Mitchell Chaffee is back on ice.
3:03 of 1st period - Wrist shot by Gabriel Fortier.
3:03 of 1st period - Shot Misses the Net.
3:09 of 1st period - Gabriel Fortier is hit by Jesse Ylonen and loses puck.
4:34 of 1st period - Slapshot by Adam Ruzicka.
4:34 of 1st period - Stopped by Mackenzie Blackwood without a rebound.
4:35 of 1st period - Andrew Poturalski wins face-off versus Adam Ruzicka in Icehogs zone.
4:40 of 1st period - Slapshot by Adam Ruzicka.
4:40 of 1st period - Stopped by Mackenzie Blackwood with a rebound.
4:42 of 1st period - Slapshot by Urho Vaakanainen.
4:42 of 1st period - Shot Blocked by Calle Andersson.
5:02 of 1st period - Urho Vaakanainen is hit by Calle Andersson and loses puck.
5:07 of 1st period - Slapshot by Sergey Tolchinsky.
5:07 of 1st period - Stopped by Antoine Bibeau with a rebound.
5:21 of 1st period - Snap shot by Joel Kiviranta.
5:21 of 1st period - Shot Misses the Net.
5:27 of 1st period - Brock Faber is hit by Mitchell Chaffee and loses puck.
7:07 of 1st period - Icing by Niko Mikkola.
7:08 of 1st period - Jaedon Descheneau wins face-off versus Ben Meyers in Punishers zone.
7:56 of 1st period - Minor Penalty to JJ. Piccinich for Tripping.
7:57 of 1st period - Dillon Dube wins face-off versus Karson Kuhlman in Icehogs zone.
8:03 of 1st period - Icing by Karson Kuhlman.
8:04 of 1st period - Dillon Dube wins face-off versus Karson Kuhlman in Punishers zone.
8:43 of 1st period - Snap shot by Oskar Lindblom.
8:43 of 1st period - Shot Misses the Net.
8:45 of 1st period - Snap shot by Vinni Lettieri.
8:45 of 1st period - Deflect By Oskar Lindblom.
8:45 of 1st period - Stopped by Mackenzie Blackwood without a rebound.
8:46 of 1st period - Dillon Dube wins face-off versus Carson Meyer in Icehogs zone.
8:55 of 1st period - Wrist shot by Daniel Audette.
8:55 of 1st period - Stopped by Mackenzie Blackwood with a rebound.
8:57 of 1st period - Wrist shot by Daniel Audette.
8:57 of 1st period - Deflect By Dillon Dube.
8:57 of 1st period - Shot Blocked by Calle Andersson.
8:57 of 1st period - Puck is out of play.
8:58 of 1st period - Dillon Dube wins face-off versus Daniel Audette in Icehogs zone.
9:56 of 1st period - Penalty to JJ. Piccinich is over, JJ. Piccinich is back on ice.
10:43 of 1st period - Snap shot by Connor Zary.
10:43 of 1st period - Shot Misses the Net.
10:45 of 1st period - Slapshot by Declan Chisholm.
10:45 of 1st period - Shot Misses the Net.
10:47 of 1st period - Wrist shot by Connor Zary.
10:47 of 1st period - Deflect By Joel Kiviranta.
10:47 of 1st period - Stopped by Antoine Bibeau with a rebound.
10:49 of 1st period - Slapshot by Connor Zary.
10:49 of 1st period - Goal by Connor Zary - Icehogs : 1 - Punishers : 0.
10:50 of 1st period - Karson Kuhlman wins face-off versus Dillon Dube in neutral zone.
10:55 of 1st period - Slapshot by Vinni Lettieri.
10:55 of 1st period - Shot Blocked by Sergey Tolchinsky.
11:03 of 1st period - Snap shot by Nikita Scherbak.
11:03 of 1st period - Stopped by Antoine Bibeau with a rebound.
11:05 of 1st period - Slapshot by Dillon Dube.
11:05 of 1st period - Stopped by Antoine Bibeau with a rebound.
11:11 of 1st period - Double Minor Penalty to Oskar Lindblom for Roughing.
11:12 of 1st period - Dillon Dube wins face-off versus Karson Kuhlman in Punishers zone.
13:48 of 1st period - Carson Meyer is hit by Max Jones and loses puck.
15:11 of 1st period - Penalty to Oskar Lindblom is over, Oskar Lindblom is back on ice.
15:34 of 1st period - Julius Honka is hit by Vinni Lettieri and loses puck.
15:58 of 1st period - Clark Bishop is hit by Daniel Audette and loses puck.
16:14 of 1st period - Andrew Poturalski is hit by Urho Vaakanainen and loses puck.
16:38 of 1st period - Off-side.
16:39 of 1st period - Daniel Audette wins face-off versus Dillon Dube in neutral zone.
17:53 of 1st period - Wrist shot by Sergey Tolchinsky.
17:53 of 1st period - Stopped by Antoine Bibeau with a rebound.
18:07 of 1st period - Calle Andersson is hit by Braden Tracey and loses puck.
18:38 of 1st period - Wrist shot by Andrew Poturalski.
18:38 of 1st period - Shot Misses the Net.
19:25 of 1st period - Clark Bishop is hit by Vinni Lettieri and loses puck.
19:42 of 1st period - Niko Mikkola is hit by Eamon Powell and loses puck.
Goals for this period are 1 for Icehogs vs 0 for Punishers.
Shots for this period are 6 for Icehogs vs 4 for Punishers.
2nd period
0:01 of 2nd period - Karson Kuhlman wins face-off versus Dillon Dube in neutral zone.
0:10 of 2nd period - Wrist shot by Sergey Tolchinsky.
0:10 of 2nd period - Shot Blocked by Karson Kuhlman.
0:12 of 2nd period - Slapshot by Dillon Dube.
0:12 of 2nd period - Stopped by Antoine Bibeau with a rebound.
0:14 of 2nd period - Slapshot by Jeremy Davies.
0:14 of 2nd period - Shot Misses the Net.
0:16 of 2nd period - Slapshot by Julius Honka.
0:16 of 2nd period - Stopped by Antoine Bibeau with a rebound.
0:26 of 2nd period - JJ. Piccinich is hit by Daniel Audette and loses puck.
0:33 of 2nd period - Snap shot by Daniel Audette.
0:33 of 2nd period - Deflect By Joel Kiviranta.
0:33 of 2nd period - Stopped by Mackenzie Blackwood with a rebound.
1:15 of 2nd period - Snap shot by Nikita Scherbak.
1:15 of 2nd period - Shot Misses the Net.
1:27 of 2nd period - Snap shot by Andrew Poturalski.
1:27 of 2nd period - Deflect By Nils Hoglander.
1:27 of 2nd period - Shot Misses the Net.
1:27 of 2nd period - Puck is out of play.
1:28 of 2nd period - Karson Kuhlman wins face-off versus JJ. Piccinich in Punishers zone.
1:28 of 2nd period - Karson Kuhlman is hit by JJ. Piccinich.
1:34 of 2nd period - Slapshot by Nelson Nogier.
1:34 of 2nd period - Shot Blocked by Andrew Poturalski.
1:54 of 2nd period - Declan Chisholm is hit by Daniel Audette and loses puck.
2:15 of 2nd period - Wrist shot by Connor Zary.
2:15 of 2nd period - Stopped by Antoine Bibeau without a rebound.
2:16 of 2nd period - Adam Ruzicka wins face-off versus Connor Zary in Punishers zone.
2:27 of 2nd period - Snap shot by Gabriel Fortier.
2:27 of 2nd period - Deflect By Connor Zary.
2:27 of 2nd period - Shot Misses the Net.
2:27 of 2nd period - Puck is out of play.
2:28 of 2nd period - Karson Kuhlman wins face-off versus Dillon Dube in Punishers zone.
2:35 of 2nd period - Snap shot by Sergey Tolchinsky.
2:35 of 2nd period - Stopped by Antoine Bibeau without a rebound.
2:36 of 2nd period - Karson Kuhlman wins face-off versus Sergey Tolchinsky in Punishers zone.
2:43 of 2nd period - Snap shot by Oskar Lindblom.
2:43 of 2nd period - Deflect By Karson Kuhlman.
2:43 of 2nd period - Shot Blocked by Dillon Dube.
2:43 of 2nd period - Puck is out of play.
2:44 of 2nd period - Karson Kuhlman wins face-off versus Dillon Dube in Icehogs zone.
2:53 of 2nd period - Snap shot by Karson Kuhlman.
2:53 of 2nd period - Shot Blocked by Nikita Scherbak.
3:09 of 2nd period - Julius Honka is hit by Daniel Audette and loses puck.
3:14 of 2nd period - Snap shot by Joel Kiviranta.
3:14 of 2nd period - Stopped by Mackenzie Blackwood with a rebound.
3:16 of 2nd period - Wrist shot by Carson Meyer.
3:16 of 2nd period - Goal by Carson Meyer - Icehogs : 1 - Punishers : 1.
3:17 of 2nd period - Karson Kuhlman wins face-off versus Dillon Dube in neutral zone.
3:30 of 2nd period - Snap shot by Oskar Lindblom.
3:30 of 2nd period - Shot Misses the Net.
3:42 of 2nd period - Carson Meyer is hit by Andrew Poturalski and loses puck.
4:27 of 2nd period - Snap shot by Connor Zary.
4:27 of 2nd period - Stopped by Antoine Bibeau with a rebound.
5:34 of 2nd period - Off-side.
5:35 of 2nd period - Karson Kuhlman wins face-off versus Andrew Poturalski in neutral zone.
5:35 of 2nd period - Karson Kuhlman is hit by JJ. Piccinich.
5:50 of 2nd period - Slapshot by Nils Hoglander.
5:50 of 2nd period - Deflect By Andrew Poturalski.
5:50 of 2nd period - Shot Blocked by Nicolas Beaudin.
5:50 of 2nd period - Puck is out of play.
5:51 of 2nd period - Connor Zary wins face-off versus Carson Meyer in Punishers zone.
6:23 of 2nd period - Wrist shot by Sergey Tolchinsky.
6:23 of 2nd period - Shot Misses the Net.
6:37 of 2nd period - Wrist shot by Clark Bishop.
6:37 of 2nd period - Stopped by Antoine Bibeau with a rebound.
6:51 of 2nd period - Wrist shot by Warren Foegele.
6:51 of 2nd period - Shot Misses the Net.
7:21 of 2nd period - Snap shot by Connor Zary.
7:21 of 2nd period - Shot Blocked by Walker Duehr.
7:23 of 2nd period - Wrist shot by Gabriel Fortier.
7:23 of 2nd period - Stopped by Antoine Bibeau without a rebound.
7:24 of 2nd period - Karson Kuhlman wins face-off versus Connor Zary in Punishers zone.
8:15 of 2nd period - Slapshot by Jeremy Davies.
8:15 of 2nd period - Shot Misses the Net.
8:17 of 2nd period - Snap shot by Nils Hoglander.
8:17 of 2nd period - Shot Misses the Net.
8:19 of 2nd period - Slapshot by Julius Honka.
8:19 of 2nd period - Shot Misses the Net.
9:31 of 2nd period - Snap shot by Warren Foegele.
9:31 of 2nd period - Stopped by Mackenzie Blackwood with a rebound.
9:35 of 2nd period - Snap shot by Warren Foegele.
9:35 of 2nd period - Deflect By Adam Ruzicka.
9:35 of 2nd period - Stopped by Mackenzie Blackwood with a rebound.
9:37 of 2nd period - Slapshot by Adam Ruzicka.
9:37 of 2nd period - Shot Misses the Net.
9:59 of 2nd period - Nelson Nogier is hit by Max Jones and loses puck.
10:12 of 2nd period - Dillon Dube is hit by Karson Kuhlman and loses puck.
10:30 of 2nd period - Off-side.
10:31 of 2nd period - Connor Zary wins face-off versus Ben Meyers in neutral zone.
10:34 of 2nd period - Slapshot by Zach Whitecloud.
10:34 of 2nd period - Stopped by Antoine Bibeau without a rebound.
10:35 of 2nd period - Karson Kuhlman wins face-off versus Dillon Dube in Punishers zone.
10:48 of 2nd period - Wrist shot by Oskar Lindblom.
10:48 of 2nd period - Stopped by Mackenzie Blackwood without a rebound.
10:49 of 2nd period - Dillon Dube wins face-off versus Karson Kuhlman in Icehogs zone.
10:56 of 2nd period - Snap shot by Oskar Lindblom.
10:56 of 2nd period - Stopped by Mackenzie Blackwood with a rebound.
11:04 of 2nd period - Slapshot by Sergey Tolchinsky.
11:04 of 2nd period - Shot Misses the Net.
12:23 of 2nd period - Max Jones is hit by Nelson Nogier.
12:51 of 2nd period - Carson Meyer is hit by Jeremy Davies and loses puck.
13:09 of 2nd period - Slapshot by Carson Meyer.
13:09 of 2nd period - Shot Blocked by Sergey Tolchinsky.
13:11 of 2nd period - Wrist shot by Nicolas Beaudin.
13:11 of 2nd period - Stopped by Mackenzie Blackwood without a rebound.
13:12 of 2nd period - Karson Kuhlman wins face-off versus Connor Zary in Icehogs zone.
13:38 of 2nd period - Adam Ruzicka is hit by Zach Whitecloud and loses puck.
13:45 of 2nd period - Snap shot by Nikita Scherbak.
13:45 of 2nd period - Stopped by Antoine Bibeau with a rebound.
13:47 of 2nd period - Wrist shot by Eamon Powell.
13:47 of 2nd period - Deflect By Dillon Dube.
13:47 of 2nd period - Stopped by Antoine Bibeau with a rebound.
14:01 of 2nd period - Backhand shot by Nicolas Beaudin.
14:01 of 2nd period - Shot Blocked by Declan Chisholm.
14:03 of 2nd period - Wrist shot by Ben Meyers.
14:03 of 2nd period - Stopped by Mackenzie Blackwood with a rebound.
14:07 of 2nd period - Slapshot by Ben Meyers.
14:07 of 2nd period - Goal by Ben Meyers - Icehogs : 1 - Punishers : 2.
14:08 of 2nd period - Dillon Dube wins face-off versus Vinni Lettieri in neutral zone.
14:15 of 2nd period - Wrist shot by Nikita Scherbak.
14:15 of 2nd period - Stopped by Antoine Bibeau without a rebound.
14:16 of 2nd period - Dillon Dube wins face-off versus Karson Kuhlman in Punishers zone.
14:23 of 2nd period - Slapshot by Sergey Tolchinsky.
14:23 of 2nd period - Shot Misses the Net.
14:45 of 2nd period - Slapshot by JJ. Piccinich.
14:45 of 2nd period - Shot Misses the Net.
14:47 of 2nd period - Snap shot by Julius Honka.
14:47 of 2nd period - Stopped by Antoine Bibeau without a rebound.
14:48 of 2nd period - Andrew Poturalski wins face-off versus Karson Kuhlman in Punishers zone.
15:24 of 2nd period - Wrist shot by Carson Meyer.
15:24 of 2nd period - Shot Blocked by Julius Honka.
15:26 of 2nd period - Snap shot by Joel Kiviranta.
15:26 of 2nd period - Stopped by Mackenzie Blackwood without a rebound.
15:27 of 2nd period - Karson Kuhlman wins face-off versus Andrew Poturalski in Icehogs zone.
15:28 of 2nd period - Backhand shot by Oskar Lindblom.
15:28 of 2nd period - Goal by Oskar Lindblom - Icehogs : 1 - Punishers : 3.
15:29 of 2nd period - Dillon Dube wins face-off versus Karson Kuhlman in neutral zone.
15:36 of 2nd period - Snap shot by Sergey Tolchinsky.
15:36 of 2nd period - Stopped by Antoine Bibeau with a rebound.
15:38 of 2nd period - Slapshot by Julius Honka.
15:38 of 2nd period - Stopped by Antoine Bibeau with a rebound.
15:40 of 2nd period - Slapshot by Jeremy Davies.
15:40 of 2nd period - Stopped by Antoine Bibeau without a rebound.
15:41 of 2nd period - Dillon Dube wins face-off versus Karson Kuhlman in Punishers zone.
15:46 of 2nd period - Wrist shot by Nikita Scherbak.
15:46 of 2nd period - Stopped by Antoine Bibeau with a rebound.
16:08 of 2nd period - Nelson Nogier is hit by JJ. Piccinich and loses puck.
17:33 of 2nd period - Julius Honka is hit by Braden Tracey and loses puck.
17:54 of 2nd period - Karson Kuhlman is hit by Jeremy Davies and loses puck.
18:03 of 2nd period - Snap shot by Clark Bishop.
18:03 of 2nd period - Stopped by Antoine Bibeau without a rebound.
18:04 of 2nd period - Dillon Dube wins face-off versus Adam Ruzicka in Punishers zone.
18:29 of 2nd period - JJ. Piccinich is hit by Karson Kuhlman and loses puck.
19:00 of 2nd period - Wrist shot by Carson Meyer.
19:00 of 2nd period - Shot Misses the Net.
19:32 of 2nd period - Brock Faber is hit by Max Jones and loses puck.
19:53 of 2nd period - Adam Ruzicka is hit by Nils Hoglander and loses puck.
Goals for this period are 0 for Icehogs vs 3 for Punishers.
Shots for this period are 17 for Icehogs vs 12 for Punishers.
3rd period
0:01 of 3rd period - Karson Kuhlman wins face-off versus Dillon Dube in neutral zone.
0:35 of 3rd period - Minor Penalty to Nils Hoglander for Tripping.
0:36 of 3rd period - Dillon Dube wins face-off versus Karson Kuhlman in Icehogs zone.
0:46 of 3rd period - Wrist shot by Oskar Lindblom.
0:46 of 3rd period - Stopped by Mackenzie Blackwood without a rebound.
0:47 of 3rd period - Dillon Dube wins face-off versus Karson Kuhlman in Icehogs zone.
0:47 of 3rd period - Dillon Dube is hit by Nelson Nogier.
2:26 of 3rd period - Urho Vaakanainen is hit by Jeremy Davies and loses puck.
2:35 of 3rd period - Penalty to Nils Hoglander is over, Nils Hoglander is back on ice.
2:46 of 3rd period - Icing by Max Jones.
2:47 of 3rd period - Adam Ruzicka wins face-off versus Andrew Poturalski in Icehogs zone.
2:50 of 3rd period - Slapshot by Jesse Ylonen.
2:50 of 3rd period - Shot Misses the Net.
2:52 of 3rd period - Snap shot by Adam Ruzicka.
2:52 of 3rd period - Stopped by Mackenzie Blackwood with a rebound.
2:54 of 3rd period - Wrist shot by Rasmus Sandin.
2:54 of 3rd period - Stopped by Mackenzie Blackwood with a rebound.
2:56 of 3rd period - Slapshot by Brock Faber.
2:56 of 3rd period - Deflect By Adam Ruzicka.
2:56 of 3rd period - Stopped by Mackenzie Blackwood with a rebound.
3:15 of 3rd period - Slapshot by Andrew Poturalski.
3:15 of 3rd period - Shot Blocked by Rasmus Sandin.
3:17 of 3rd period - Wrist shot by Andrew Poturalski.
3:17 of 3rd period - Stopped by Antoine Bibeau with a rebound.
3:19 of 3rd period - Wrist shot by Max Jones.
3:19 of 3rd period - Stopped by Antoine Bibeau without a rebound.
3:20 of 3rd period - Karson Kuhlman wins face-off versus Dillon Dube in Punishers zone.
3:29 of 3rd period - Slapshot by Vinni Lettieri.
3:29 of 3rd period - Shot Hit the Post.
3:31 of 3rd period - Snap shot by Nelson Nogier.
3:31 of 3rd period - Shot Blocked by Calle Andersson.
3:33 of 3rd period - Slapshot by Niko Mikkola.
3:33 of 3rd period - Stopped by Mackenzie Blackwood with a rebound.
3:35 of 3rd period - Wrist shot by Oskar Lindblom.
3:35 of 3rd period - Shot Misses the Net.
3:45 of 3rd period - Calle Andersson is hit by Niko Mikkola and loses puck.
3:50 of 3rd period - Wrist shot by Daniel Audette.
3:50 of 3rd period - Goal by Daniel Audette - Icehogs : 1 - Punishers : 4.
3:51 of 3rd period - Karson Kuhlman wins face-off versus Dillon Dube in neutral zone.
3:54 of 3rd period - Slapshot by Oskar Lindblom.
3:54 of 3rd period - Stopped by Mackenzie Blackwood with a rebound.
3:56 of 3rd period - Snap shot by Karson Kuhlman.
3:56 of 3rd period - Stopped by Mackenzie Blackwood with a rebound.
4:00 of 3rd period - Snap shot by Oskar Lindblom.
4:00 of 3rd period - Shot Misses the Net.
4:02 of 3rd period - Slapshot by Niko Mikkola.
4:02 of 3rd period - Shot Misses the Net.
4:04 of 3rd period - Wrist shot by Nelson Nogier.
4:04 of 3rd period - Stopped by Mackenzie Blackwood with a rebound.
4:06 of 3rd period - Snap shot by Niko Mikkola.
4:06 of 3rd period - Stopped by Mackenzie Blackwood with a rebound.
4:31 of 3rd period - Icing by Zach Whitecloud.
4:32 of 3rd period - Nikita Scherbak wins face-off versus Karson Kuhlman in Icehogs zone.
4:41 of 3rd period - Snap shot by Oskar Lindblom.
4:41 of 3rd period - Stopped by Mackenzie Blackwood with a rebound.
6:04 of 3rd period - Wrist shot by Andrew Poturalski.
6:04 of 3rd period - Shot Misses the Net.
6:06 of 3rd period - Wrist shot by Nils Hoglander.
6:06 of 3rd period - Shot Misses the Net.
6:08 of 3rd period - Slapshot by Jeremy Davies.
6:08 of 3rd period - Shot Misses the Net.
6:10 of 3rd period - Snap shot by Andrew Poturalski.
6:10 of 3rd period - Stopped by Antoine Bibeau with a rebound.
6:12 of 3rd period - Snap shot by Julius Honka.
6:12 of 3rd period - Stopped by Antoine Bibeau without a rebound.
6:13 of 3rd period - Karson Kuhlman wins face-off versus Connor Zary in Punishers zone.
6:27 of 3rd period - Minor Penalty to Rasmus Sandin for High sticking.
6:28 of 3rd period - Karson Kuhlman wins face-off versus Sergey Tolchinsky in Punishers zone.
7:15 of 3rd period - JJ. Piccinich is hit by Nicolas Beaudin and loses puck.
8:27 of 3rd period - Penalty to Rasmus Sandin is over, Rasmus Sandin is back on ice.
8:43 of 3rd period - Icing by Braden Tracey.
8:44 of 3rd period - Ben Meyers wins face-off versus Connor Zary in Punishers zone.
8:50 of 3rd period - Icing by Gabriel Fortier.
8:51 of 3rd period - Daniel Audette wins face-off versus Connor Zary in Icehogs zone.
8:52 of 3rd period - Slapshot by Carson Meyer.
8:52 of 3rd period - Shot Misses the Net.
9:28 of 3rd period - Sergey Tolchinsky is hit by Rasmus Sandin and loses puck.
10:23 of 3rd period - Snap shot by Connor Zary.
10:23 of 3rd period - Stopped by Antoine Bibeau with a rebound.
10:25 of 3rd period - Snap shot by Gabriel Fortier.
10:25 of 3rd period - Shot Blocked by Urho Vaakanainen.
10:27 of 3rd period - Snap shot by Gabriel Fortier.
10:27 of 3rd period - Stopped by Antoine Bibeau with a rebound.
10:29 of 3rd period - Slapshot by Eamon Powell.
10:29 of 3rd period - Shot Misses the Net.
10:31 of 3rd period - Slapshot by Eamon Powell.
10:31 of 3rd period - Shot Misses the Net.
10:33 of 3rd period - Slapshot by Eamon Powell.
10:33 of 3rd period - Deflect By Gabriel Fortier.
10:33 of 3rd period - Shot Misses the Net.
10:33 of 3rd period - Puck is out of play.
10:34 of 3rd period - Dillon Dube wins face-off versus Karson Kuhlman in Punishers zone.
10:35 of 3rd period - Wrist shot by Sergey Tolchinsky.
10:35 of 3rd period - Goal by Sergey Tolchinsky - Icehogs : 2 - Punishers : 4.
10:36 of 3rd period - Dillon Dube wins face-off versus Karson Kuhlman in neutral zone.
10:51 of 3rd period - Slapshot by Oskar Lindblom.
10:51 of 3rd period - Shot Misses the Net.
10:53 of 3rd period - Minor Penalty to Sergey Tolchinsky for Tripping.
10:54 of 3rd period - Karson Kuhlman wins face-off versus Dillon Dube in Icehogs zone.
10:59 of 3rd period - Snap shot by Oskar Lindblom.
10:59 of 3rd period - Stopped by Mackenzie Blackwood with a rebound.
11:01 of 3rd period - Slapshot by Nelson Nogier.
11:01 of 3rd period - Shot Blocked by Dillon Dube.
11:03 of 3rd period - Wrist shot by Vinni Lettieri.
11:03 of 3rd period - Shot Misses the Net.
11:05 of 3rd period - Wrist shot by Vinni Lettieri.
11:05 of 3rd period - Shot Misses the Net.
11:07 of 3rd period - Wrist shot by Niko Mikkola.
11:07 of 3rd period - Stopped by Mackenzie Blackwood without a rebound.
11:08 of 3rd period - Dillon Dube wins face-off versus Karson Kuhlman in Icehogs zone.
12:00 of 3rd period - Nicolas Beaudin is hit by Max Jones and loses puck.
12:53 of 3rd period - Penalty to Sergey Tolchinsky is over, Sergey Tolchinsky is back on ice.
12:59 of 3rd period - Wrist shot by Jesse Ylonen.
12:59 of 3rd period - Shot Misses the Net.
13:01 of 3rd period - Snap shot by Warren Foegele.
13:01 of 3rd period - Stopped by Mackenzie Blackwood with a rebound.
13:03 of 3rd period - Snap shot by Niko Mikkola.
13:03 of 3rd period - Shot Misses the Net.
13:05 of 3rd period - Snap shot by Warren Foegele.
13:05 of 3rd period - Goal by Warren Foegele - Icehogs : 2 - Punishers : 5.
13:06 of 3rd period - Daniel Audette wins face-off versus Dillon Dube in neutral zone.
13:32 of 3rd period - Wrist shot by Oskar Lindblom.
13:32 of 3rd period - Shot Blocked by Andrew Poturalski.
13:40 of 3rd period - Snap shot by Andrew Poturalski.
13:40 of 3rd period - Shot Blocked by Rasmus Sandin.
13:42 of 3rd period - Wrist shot by Calle Andersson.
13:42 of 3rd period - Deflect By Karson Kuhlman.
13:42 of 3rd period - Stopped by Antoine Bibeau without a rebound.
13:43 of 3rd period - Dillon Dube wins face-off versus Daniel Audette in Punishers zone.
13:59 of 3rd period - Minor Penalty to Nikita Scherbak for Hooking.
14:00 of 3rd period - Dillon Dube wins face-off versus Karson Kuhlman in Icehogs zone.
14:58 of 3rd period - Calle Andersson is hit by Urho Vaakanainen and loses puck.
15:36 of 3rd period - Sergey Tolchinsky is hit by Oskar Lindblom and loses puck.
15:54 of 3rd period - Icing by Karson Kuhlman.
15:55 of 3rd period - Connor Zary wins face-off versus Daniel Audette in Punishers zone.
15:58 of 3rd period - Slapshot by Connor Zary.
15:58 of 3rd period - Stopped by Antoine Bibeau without a rebound.
15:59 of 3rd period - Penalty to Nikita Scherbak is over, Nikita Scherbak is back on ice.
15:59 of 3rd period - Daniel Audette wins face-off versus Andrew Poturalski in Punishers zone.
16:04 of 3rd period - Wrist shot by Andrew Poturalski.
16:04 of 3rd period - Deflect By Daniel Audette.
16:04 of 3rd period - Stopped by Antoine Bibeau without a rebound.
16:05 of 3rd period - Andrew Poturalski wins face-off versus Daniel Audette in Punishers zone.
16:39 of 3rd period - Niko Mikkola is hit by Sergey Tolchinsky and loses puck.
17:07 of 3rd period - Wrist shot by Warren Foegele.
17:07 of 3rd period - Shot Misses the Net.
17:09 of 3rd period - Wrist shot by Jesse Ylonen.
17:09 of 3rd period - Shot Misses the Net.
17:30 of 3rd period - Ben Meyers is hit by Jeremy Davies and loses puck.
17:57 of 3rd period - Daniel Audette is hit by Nils Hoglander and loses puck.
18:28 of 3rd period - Snap shot by Gabriel Fortier.
18:28 of 3rd period - Stopped by Antoine Bibeau without a rebound.
18:29 of 3rd period - Connor Zary wins face-off versus Karson Kuhlman in Punishers zone.
18:43 of 3rd period - Minor Penalty to Brock Faber for Slashing.
18:44 of 3rd period - Karson Kuhlman wins face-off versus Dillon Dube in Punishers zone.
18:44 of 3rd period - Karson Kuhlman is hit by Sergey Tolchinsky.
Goals for this period are 1 for Icehogs vs 2 for Punishers.
Shots for this period are 11 for Icehogs vs 15 for Punishers.